 Seeded DCSS version 0.29.1-15-g9cfb28693d (webtiles) character file.

Game seed: 8515177902725472229 (custom seed)

87757 bmack86 the Severer (level 15, -16/126 (137) HPs)
             Began as a Minotaur Fighter on Apr 24, 2023.
             Was the Champion of Okawaru.
             Killed from afar by an ice statue (21 damage)
             ... with a shard of ice
             ... on level 15 of the Dungeon.
             The game lasted 00:43:10 (21945 turns).

bmack86 the Severer (Minotaur Fighter)             Turns: 21945, Time: 00:43:11

HP:   -16/126 (137) AC: 38    Str: 26    XL:     15   Next: 44%
MP:   30/30         EV:  5    Int: 13    God:    Okawaru [******]
Gold: 996           SH: 23    Dex: 14    Spells: 14/14 levels left

rFire   + . .      SeeInvis .   g - +9 broad axe (protect)
rCold   . . .      Faith    .   W - +0 tower shield
rNeg    + + +      Spirit   .   m - +4 plate armour "Ufiweul" {rN+++ Int+6 Dex-3}
rPois   .          Reflect  +   L - +2 hat "Zotakk Isefy" {-Cast rElec rF+ Will+}
rElec   +          Harm     .   G - +2 cloak
rCorr   .          Rampage  .   K - +0 pair of fencer's gloves {Riposte Dex+3}
Will    +++..      NoCast   +   t - +2 pair of boots of the Good {+Inv Dex+3}
Stlth   ..........              E - amulet "Ylussoc" {Reflect MP+9 Dex-5 Slay+5 SH+5}
HPRegen 0.31/turn               u - ring of Merhyhiz {Will+ Int+2 Dex+4 Slay+2}
MPRegen 0.22/turn               b - ring of flight

@: under a protective aura, flying, drained
A: horns 2, retaliatory headbutt
a: Renounce Religion, Evoke Invisibility, Heroism, Finesse, Duel


You were on level 15 of the Dungeon.
You worshipped Okawaru.
Okawaru was exalted by your worship.
You visited 3 branches of the dungeon, and saw 21 of its levels.

You collected 3160 gold pieces.
You spent 2164 gold pieces at shops.

Inventory:

Hand Weapons
 g - a +9 broad axe of protection (weapon)
 n - a +3 war axe
 S - the +7 broad axe "Giant's Undoing" {venom, Fly rElec rC++ Will-}
   (Okawaru gifted it to you on level 14 of the Dungeon)

   It poisons the flesh of those it strikes.
   rC:        It greatly protects you from cold.
   rElec:     It insulates you from electricity.
   Fly:       It grants you flight.
   Will:      It decreases your willpower.
Missiles
 i - a curare-tipped dart
 p - 13 poisoned darts (quivered)
 r - 8 throwing nets
 J - 7 javelins
 O - 2 boomerangs
 P - 2 silver javelins
 U - 3 silver boomerangs
Armour
 m - the +4 plate armour "Ufiweul" (worn) {rN+++ Int+6 Dex-3}
   (Okawaru gifted it to you on level 9 of the Dungeon)

   Int:       It affects your intelligence (+6).
   Dex:       It affects your dexterity (-3).
   rN:        It renders you almost immune to negative energy.
 t - the +2 pair of boots of the Good (worn) {+Inv Dex+3}
   (You acquired it on level 2 of the Dungeon)

   Dex:       It affects your dexterity (+3).
   +Inv:      It lets you turn invisible.
 F - the +0 pair of gloves of Fuisch {rElec Str-5 Int+7 SInv}
   (You found it on level 2 of the Lair of Beasts)

   Str:       It affects your strength (-5).
   Int:       It affects your intelligence (+7).
   rElec:     It insulates you from electricity.
   SInv:      It lets you see invisible.
 G - a +2 cloak (worn)
 K - the +0 pair of fencer's gloves (worn) {Riposte Dex+3}
   (You acquired it on level 4 of the Lair of Beasts)

   It allows the wearer to riposte with melee weapons, swiftly retaliating
   against missed or blocked melee attacks.
   Dex:       It affects your dexterity (+3).
 L - the +2 hat "Zotakk Isefy" (worn) {-Cast rElec rF+ Will+}
   (You acquired it on level 4 of the Lair of Beasts)

   rF:        It protects you from fire.
   rElec:     It insulates you from electricity.
   -Cast:     It prevents spellcasting.
   Will:      It increases your willpower.
 N - the +2 cloak of Mip Col {*Slow rCorr Dex+7}
   (Okawaru gifted it to you on level 5 of the Lair of Beasts)

   Dex:       It affects your dexterity (+7).
   rCorr:     It protects you from acid and corrosion.
   *Slow:     It may slow you when you take damage.
 R - the +4 kite shield of Yesterday {Str+3 Stlth+}
   (Okawaru gifted it to you on level 13 of the Dungeon)

   Str:       It affects your strength (+3).
   Stlth:     It makes you more stealthy.
 V - a +3 plate armour of poison resistance
 W - a +0 tower shield (worn)
Jewellery
 b - a ring of flight (right hand)
 f - an amulet of the acrobat
 u - the ring of Merhyhiz (left hand) {Will+ Int+2 Dex+4 Slay+2}
   (You acquired it on level 2 of the Dungeon)

   [ring of willpower]

   Int:       It affects your intelligence (+2).
   Dex:       It affects your dexterity (+4).
   Slay:      It affects your accuracy & damage with ranged weapons and melee
   (+2).
   Will:      It increases your willpower.
 z - a ring of willpower
 C - a ring of willpower
 E - the amulet "Ylussoc" (around neck) {Reflect MP+9 Dex-5 Slay+5 SH+5}
   (You bought it in a shop on level 7 of the Dungeon)

   [amulet of reflection]

   It reflects blocked missile attacks.
   Dex:       It affects your dexterity (-5).
   Slay:      It affects your accuracy & damage with ranged weapons and melee
   (+5).
   MP:        It affects your magic capacity (+9).
   SH:        It affects your SH (+5).
Wands
 h - a wand of flame (34)
 B - a wand of paralysis (17)
 D - a wand of iceblast (30)
 Q - a wand of mindburst (19)
Scrolls
 c - 7 scrolls of enchant weapon
 k - 2 scrolls of blinking
 q - 13 scrolls of teleportation
 s - 3 scrolls of fear
 y - a scroll of magic mapping
 A - 4 scrolls of enchant armour
 M - 5 scrolls of identify
Potions
 d - 3 potions of might
 e - 13 potions of curing
 j - 6 potions of heal wounds
 o - 3 potions of haste
 v - 2 potions of cancellation
 x - 3 potions of magic
 H - 3 potions of brilliance
 I - a potion of ambrosia


   Skills:
 + Level 13.6 Fighting
 - Level 18.0 Axes
 - Level 10.0 Throwing
 + Level 13.6 Armour
 + Level 13.6 Shields
 + Level 10.6 Invocations


You had 14 spell levels left.
You didn't know any spells.
Your spell library contained the following spells:

 Spells                   Type           Power      Damage    Failure   Level
 Beastly Appendage        Tmut           0%         N/A       100%        1
 Necrotise                Necr           0%         1d4       100%        1
 Slow                     Hex            0%         N/A       100%        1
 Ensorcelled Hibernation  Hex/Ice        0%         N/A       100%        2
 Passwall                 Tmut/Erth      0%         N/A       100%        2
 Poisonous Vapours        Pois/Air       0%         N/A       100%        2
 Static Discharge         Conj/Air       0%         3-3/arc   100%        2
 Wereblood                Tmut           0%         N/A       100%        2
 Confusing Touch          Hex            0%         N/A       100%        3
 Inner Flame              Hex/Fire       0%         N/A       100%        3
 Portal Projectile        Hex/Tloc       0%         N/A       100%        3
 Spider Form              Tmut/Pois      0%         N/A       100%        3
 Swiftness                Air            0%         N/A       100%        3
 Vampiric Draining        Necr           0%         2d6       100%        3
 Cause Fear               Hex            0%         N/A       100%        4
 Corpse Rot               Necr/Pois/Air  0%         N/A       100%        4
 Leda's Liquefaction      Hex/Erth       0%         N/A       100%        4
 Olgreb's Toxic Radiance  Pois           0%         N/A       100%        4
 Passage of Golubria      Tloc           0%         N/A       100%        4
 Agony                    Necr           0%         N/A       100%        5
 Lightning Bolt           Conj/Air       0%         1d11      100%        5
 Silence                  Hex/Air        0%         N/A       100%        5
 Orb of Destruction       Conj           0%         9d5       100%        7
 Ozocubu's Refrigeration  Ice            0%         4d7       100%        7
 Borgnjor's Revivificati  Necr           0%         N/A       100%        8
 Discord                  Hex            0%         N/A       100%        8
 Ignition                 Fire           0%         3d3       100%        8
 Lehudib's Crystal Spear  Conj/Erth      0%         10d2      100%        8
 Maxwell's Capacitive Co  Air            0%         ∞         100%        8
 Necromutation            Tmut/Necr      0%         N/A       100%        8
 Chain Lightning          Conj/Air       0%         N/A       100%        9
 Death's Door             Necr           0%         N/A       100%        9
 Fire Storm               Conj/Fire      0%         5d1       100%        9
 Shatter                  Erth           0%         3d5*      100%        9
 Call Canine Familiar     Summ           Unusable   N/A       N/A         3
 Summon Guardian Golem    Hex/Summ       Unusable   N/A       N/A         3
 Spellforged Servitor     Conj/Summ      Unusable   N/A       N/A         7

Dungeon Overview and Level Annotations

Branches:
Dungeon (15/15)            Temple (1/1) D:7            Lair (5/5) D:10
  Swamp (0/4) Lair:3       Spider (0/4) Lair:2          Orc (0/2) D:10
 Vaults (0/5) D:14         Depths (0/4) D:15
  Slime: Lair:4-5

Altars:
Ashenzari
Cheibriados
Elyvilon
Fedhas
Gozag
Hepliaklqana
Makhleb
Nemelex Xobeh
Okawaru
Trog
Uskayaw
Vehumet
Xom
Yredelemnul
Zin
The Shining One
Jiyva

Shops:
D:2 *   D:5 *   D:7 =   D:8 ?

Portals:
Ice
Cave: D:15

Annotations:
D:12 3 runed translucent doors, Midpoint's ghost, journeyman HuAE
D:15 exclusion: ice statue
Lair:4 exclusion: 2 oklob plants


Innate Abilities, Weirdness & Mutations

You have a pair of horns on your head.
You reflexively headbutt those who attack you in melee.


Message History

You are engulfed in freezing vapours.
The ice beast hits you but does no damage.
The ice statue gestures at you. The bolt of cold hits you.
* * * LOW HITPOINT WARNING * * *
Unknown command.
You slash the ice statue!
You destroy the ice statue!
Okawaru accepts your kill.
You slash the ice beast! You block the ice beast's attack.
You riposte.
You slash the ice beast!
The ice beast is almost dead.
The ice statue gestures at you.
The freezing blast engulfs you but does no damage.
Unknown command.
You block the ice beast's attack.
Found a chain mail and a pair of gloves.
The ice beast hits you but does no damage.
Unknown command.
You hit the ice statue but do no damage.
You headbutt the ice statue, but do no damage.
You closely miss the ice beast. You block the ice beast's attack.
The ice statue gestures at you. The freezing blast engulfs you!
* * * LOW HITPOINT WARNING * * *
You hit the ice statue but do no damage.
You slash the ice beast!
You kill the ice beast!
The ice beast disappears in a puff of smoke!
You are engulfed in freezing vapours.
Unknown command.
You slash the ice statue!
The ice statue is lightly damaged.
You are engulfed in freezing vapours.
You hit the ice statue. You headbutt the ice statue!
The ice statue is moderately damaged.
You are engulfed in freezing vapours.
The ice statue gestures at you. The shard of ice hits you!!
You die...

,,,,,,,,,,,,,**,,,*****,,,,,,,**,
,,,**,,,,.......[......[,,,,,,**,
,,,***,,,...............,,,,,,,*,
,,,,*,,,*#..............,,,,,,**,
,,,,*,,**#.......!......,,,,,,**,
,,,,,*,,*...............,,,,,,,,,
,,,,,*,,,......☼°☼......,,,,,*,,,
,,,,,*,,,......°☼○○.....,,,,,*,,,
,,,,,...........@8......,,,,,,,,,
.....#.........$○∩......,,,,,,,,,
................(°......,,,,,,,,*
...............°........,,,,,,,**
#..###.#................,,,,,,,,*
##......................,,,,,,,**
#.....................<.,,,,,,,**
........................,,,,,****
...................#....,,,,,**,*


You could see an ice statue.

Vanquished Creatures
  Rupert (D:13)
  Gastronok (D:8)
  Kirke (D:14)
  Louise (D:14)
  An ironbound preserver (D:14)
  Azrael (D:13)
  The ghost of HunfridMar the Eclecticist, a journeyman DECj of Vehumet (Lair:4)
  A fire dragon (Arena)
  Harold (Lair:2)
  5 boulder beetles
  5 hydras
  A catoblepas (Lair:4)
  An ogre mage (D:13)
  5 centaur warriors
  8 two-headed ogres
  Erica (D:8)
  3 tengu warriors (D:14)
  7 slime creatures
  2 swamp dragons
  An orc knight (D:14)
  Pikel (D:8)
  2 lindwurms
  The ghost of sigtrap the Shield-Bearer, a novice FoFi (D:6)
  3 deep elf pyromancers
  19 ugly things
  A wolf spider (Lair:5)
  4 cyclopes
  4 manticores
  12 black mambas
  Maurice (D:13)
  An ice statue (D:15)
  2 torpor snails
  Joseph (D:8)
  2 gargoyles
  A guardian serpent (Lair:5)
  14 cane toads
  3 elephants (Lair:4)
  A kobold demonologist (D:12)
  2 unseen horrors (D:10)
  Psyche (D:9)
  Maggie (D:10)
  12 komodo dragons
  An unseen horror zombie (D:9)
  A freezing wraith (D:14)
  5 rime drakes
  3 tengu conjurers (D:14)
  3 trolls
  The ghost of nshep25 the Covered, an amateur MiFi (D:4)
  3 polar bears (Lair:5)
  A wind drake (shapeshifter) (D:14)
  3 hornets
  20 blink frogs
  Prince Ribbit (D:9)
  A centaur simulacrum (D:14)
  3 shadows
  15 wyverns
  46 yaks
  A vampire (D:10)
  6 basilisks
  2 wraiths
  2 hogs (D:14)
  Grum (D:10)
  A human (D:14)
  3 fire bats (Lair:5)
  A redback (Lair:5)
  3 steam dragons
  9 vampire mosquitoes
  A naga (shapeshifter) (D:13)
  3 acid dragons
  22 water moccasins
  4 hell hounds (D:13)
  3 ice beasts
  2 swamp drakes (Lair:5)
  2 orc warriors
  2 black bears (Lair:3)
  17 centaurs
  2 ogres
  7 wolves
  2 lemures (D:8)
  5 bullfrogs
  A wyvern zombie (D:9)
  A gnoll sergeant (D:9)
  3 scorpions
  7 wights
  12 killer bees
  3 electric eels (D:8)
  2 jellies
  A hound (D:7)
  4 orc priests
  3 gnoll boudas
  11 iguanas
  7 orc wizards
  18 gnolls
  5 adders
  10 river rats (D:6)
  2 white imps
  2 ufetubi
  2 worms (Lair:2)
  3 dart slugs
  33 orcs
  5 ball pythons
  5 bats
  3 endoplasms
  6 giant cockroaches
  7 goblins
  8 hobgoblins
  5 jackals (D:2)
  8 quokkas
  5 frilled lizards
  4 kobolds
  24 rats
555 creatures vanquished.

Vanquished Creatures (others)
  35 fungi
  74 plants
109 creatures vanquished.

Grand Total: 664 creatures vanquished

Notes
Turn   | Place    | Note
-------+----------+-------------------------------------------
     0 | D:1      | bmack86 the Minotaur Fighter began the quest for the Orb.
     0 | D:1      | Reached XP level 1. HP: 19/19 MP: 0/0
   214 | D:1      | Reached XP level 2. HP: 17/27 MP: 1/1
   338 | D:1      | Reached skill level 3 in Axes
   339 | D:1      | Identified a scroll of acquirement
   339 | D:1      | Acquired a +4 broad axe of venom
  1109 | D:2      | Reached XP level 3. HP: 33/33 MP: 2/2
  1233 | D:2      | Reached XP level 4. HP: 9/40 MP: 3/3
  1238 | D:2      | Acquired the +2 pair of boots of the Good {+Inv Dex+3}
  1244 | D:2      | Acquired the ring of Merhyhiz {Will+ Int+2 Dex+4 Slay+2}
  1246 | D:2      | Acquired 877 gold pieces
  1499 | D:2      | Found a shimmering altar of Xom.
  1525 | D:2      | Found Vuamm's General Store.
  1534 | D:2      | Bought 3 scrolls of enchant weapon for 225 gold pieces
  1676 | D:2      | Reached skill level 4 in Axes
  1676 | D:2      | Reached skill level 1 in Throwing
  1863 | D:3      | Found a faded altar of an unknown god.
  2003 | D:3      | You fall into a shaft and drop 1 floor!
  2421 | D:3      | Reached XP level 5. HP: 47/47 MP: 4/4
  2664 | D:4      | Found a transporter.
  2666 | D:4      | Noticed nshep25's ghost (amateur MiFi)
  2758 | D:4      | Found a transporter.
  3029 | D:5      | Entered Level 5 of the Dungeon
  3044 | D:5      | Reached skill level 5 in Axes
  3044 | D:5      | Reached XP level 6. HP: 44/53 MP: 5/5
  3185 | D:5      | Noticed a water moccasin
  3187 | D:5      | Killed a water moccasin
  3203 | D:5      | Reached skill level 5 in Shields
  3442 | D:5      | Reached skill level 5 in Fighting
  3453 | D:5      | Found Bylic's Specific Store.
  3457 | D:5      | Found Naef Ace's General Store.
  3462 | D:5      | Bought a scroll of magic mapping for 105 gold pieces
  3462 | D:5      | Bought 3 scrolls of enchant armour for 315 gold pieces
  3466 | D:5      | Bought a +0 plate armour for 345 gold pieces
  3633 | D:5      | Reached skill level 5 in Armour
  3717 | D:5      | Found a radiant altar of Vehumet.
  3764 | D:5      | Reached XP level 7. HP: 54/61 MP: 6/6
  3999 | D:6      | Found a hazy altar of Hepliaklqana.
  4049 | D:7      | Reached skill level 6 in Axes
  4168 | D:7      | Found a staircase to the Ecumenical Temple.
  4181 | Temple   | Entered the Ecumenical Temple
  4187 | Temple   | Became a worshipper of Warmaster Okawaru
  4470 | D:6      | Found a runed translucent gate.
  4470 | D:6      | Found a runed translucent gate.
  4470 | D:6      | Found a runed translucent gate.
  4474 | D:6      | Noticed sigtrap's ghost (novice FoFi)
  4487 | D:6      | Killed sigtrap's ghost
  4487 | D:6      | Reached * piety under Okawaru
  4488 | D:6      | Reached skill level 7 in Axes
  4488 | D:6      | Reached skill level 1 in Invocations
  4488 | D:6      | Reached XP level 8. HP: 67/70 MP: 6/8
  4542 | D:6      | Reached ** piety under Okawaru
  4758 | D:6      | Noticed a troll
  4763 | D:6      | Killed a troll
  4764 | D:6      | Reached skill level 8 in Axes
  4879 | D:6      | Reached XP level 9. HP: 51/78 MP: 10/10
  4891 | D:6      | Reached *** piety under Okawaru
  5463 | D:4      | Killed nshep25's ghost
  5718 | D:7      | Found the +0 staff of Battle
  5867 | D:7      | Identified the +2 long sword "Widowermaker" {vorpal, rN+
                  | Str+3}
  5871 | D:7      | Found Zauzocer's Jewellery Emporium.
  5876 | D:7      | Bought a ring of flight for 245 gold pieces
  6158 | D:8      | Found Zilis's Magic Scroll Shoppe.
  6270 | D:8      | Noticed Pikel
  6283 | D:8      | Killed Pikel
  6284 | D:8      | Reached skill level 9 in Axes
  6363 | D:8      | Found a glowing silver altar of Zin.
  6441 | D:8      | Noticed Gastronok
  6456 | D:8      | Killed Gastronok
  6456 | D:8      | Reached **** piety under Okawaru
  6457 | D:8      | Reached skill level 10 in Axes
  6457 | D:8      | Reached skill level 5 in Throwing
  6457 | D:8      | Reached XP level 10. HP: 51/88 MP: 12/12
  6627 | D:8      | Noticed a cyclops
  6628 | D:8      | Noticed a two-headed ogre
  6928 | D:8      | Killed a cyclops
  6937 | D:8      | Killed a two-headed ogre
  6937 | D:8      | Reached ***** piety under Okawaru
  7280 | D:8      | Noticed Joseph
  7288 | D:8      | Killed Joseph
  7289 | D:8      | Reached skill level 5 in Invocations
  7597 | D:8      | Noticed Erica
  7604 | D:8      | Killed Erica
  7605 | D:8      | Reached skill level 11 in Axes
  7954 | D:8      | Found a snail-covered altar of Cheibriados.
  8095 | D:9      | Received a gift from Okawaru
  8228 | D:9      | Found a basalt altar of Yredelemnul.
  8277 | D:9      | Noticed Prince Ribbit
  8280 | D:9      | Killed Prince Ribbit
  8556 | D:9      | Noticed a two-headed ogre
  8560 | D:9      | Killed a two-headed ogre
  8561 | D:9      | Reached XP level 11. HP: 82/95 MP: 14/14
  8691 | D:9      | Received a gift from Okawaru
  9006 | D:9      | Identified the +4 plate armour "Ufiweul" {rN+++ Int+6
                  | Dex-3} (Okawaru gifted it to you on level 9 of the Dungeon)
  9006 | D:9      | Received a gift from Okawaru
  9128 | D:9      | Noticed Psyche
  9134 | D:9      | Killed Psyche
  9485 | D:10     | Entered Level 10 of the Dungeon
  9611 | D:10     | Found a staircase to the Orcish Mines.
  9661 | D:10     | Found a blossoming altar of Fedhas.
  9741 | D:10     | Found a staircase to the Lair.
  9767 | D:10     | Noticed Maggie
  9773 | D:10     | Killed Maggie
  9953 | D:10     | Noticed Grum
  9959 | D:10     | Reached skill level 12 in Axes
  9965 | D:10     | Killed Grum
 10313 | D:10     | Found a burning altar of Makhleb.
 10843 | Lair:1   | Entered Level 1 of the Lair of Beasts
 11191 | Lair:1   | Received a gift from Okawaru
 11333 | Lair:1   | Reached skill level 13 in Axes
 11333 | Lair:1   | Reached XP level 12. HP: 106/106 MP: 16/16
 11354 | Lair:1   | Reached ****** piety under Okawaru
 11461 | Lair:1   | Noticed an eight-headed hydra
 11474 | Lair:1   | Killed a 16-headed hydra
 11475 | Lair:1   | Reached skill level 10 in Fighting
 12171 | Lair:2   | Identified the +3 mace "Cunoa" {venom, Will+ Stlth+}
 12226 | Lair:2   | Reached skill level 10 in Armour
 12226 | Lair:2   | Reached skill level 10 in Shields
 12557 | Lair:2   | Identified the +0 pair of gloves of Fuisch {rElec Str-5
                  | Int+7 SInv}
 12570 | Lair:2   | You are sucked into a shaft and drop 2 floors!
 12589 | Lair:4   | Found a viscous altar of Jiyva.
 12616 | Lair:4   | Acquired 850 gold pieces
 12618 | Lair:4   | Acquired the +2 hat "Zotakk Isefy" {-Cast rElec rF+ Will+}
 12630 | Lair:4   | Acquired the +0 pair of fencer's gloves {Riposte Dex+3}
 12630 | Lair:4   | Found the +0 pair of fencer's gloves {Riposte Dex+3}
 12642 | Lair:4   | Noticed a catoblepas
 12650 | Lair:4   | Identified the +3 buckler of Okawaru's Regard {*Corrode
                  | Str+2 Dex+2 Stlth+} (Okawaru gifted it to you on level 4 of
                  | the Lair of Beasts)
 12650 | Lair:4   | Received a gift from Okawaru
 12666 | Lair:4   | Killed a catoblepas
 12694 | Lair:4   | Reached skill level 14 in Axes
 13105 | Lair:4   | Found a burning altar of Makhleb.
 13191 | Lair:4   | Noticed HunfridMar's ghost (journeyman DECj)
 13242 | Lair:4   | Found a runed translucent gate.
 13242 | Lair:4   | Found a runed translucent gate.
 13242 | Lair:4   | Found a runed translucent gate.
 13247 | Lair:4   | Noticed an eight-headed hydra
 13586 | Lair:5   | Entered Level 5 of the Lair of Beasts
 13711 | Lair:5   | Reached XP level 13. HP: 111/115 MP: 17/17
 13722 | Lair:5   | Received a gift from Okawaru
 14058 | Lair:5   | Received a gift from Okawaru
 14172 | Lair:5   | Reached skill level 15 in Axes
 14434 | Lair:5   | Identified the +2 cloak of Mip Col {*Slow rCorr Dex+7}
                  | (Okawaru gifted it to you on level 5 of the Lair of Beasts)
 14434 | Lair:5   | Received a gift from Okawaru
 14667 | Lair:5   | Noticed a fire dragon
 14673 | Arena    | Entered the Arena
 14676 | Arena    | Killed a fire dragon
 15432 | Lair:4   | Killed HunfridMar's ghost
 15681 | Lair:3   | Reached XP level 14. HP: 126/126 MP: 19/19
 15728 | Lair:3   | Reached skill level 16 in Axes
 15738 | Lair:3   | Found a staircase to the Swamp.
 15755 | Lair:3   | HP: 5/126 [poisoned by a swamp dragon (poison gas)]
 16808 | Lair:2   | Noticed Harold
 16811 | Lair:2   | Received a gift from Okawaru
 16820 | Lair:2   | Killed Harold
 16854 | Lair:2   | Found a hole to the Spider Nest.
 17028 | Lair:2   | Identified the +0 chain mail "Nicigref" {rPois}
 17105 | Lair:2   | Received a gift from Okawaru
 18304 | D:12     | Received a gift from Okawaru
 18507 | D:7      | Bought the amulet "Ylussoc" {Reflect MP+9 Dex-5 Slay+5
                  | SH+5} for 929 gold pieces
 18751 | D:12     | Found a runed translucent gate.
 18751 | D:12     | Noticed a rockslime
 18752 | D:12     | Found a runed translucent gate.
 18752 | D:12     | Noticed an azure jelly
 18753 | D:12     | Noticed Midpoint's ghost (journeyman HuAE)
 18753 | D:12     | Noticed an azure jelly
 18754 | D:12     | Noticed an acid blob
 18754 | D:12     | Found a runed translucent gate.
 18754 | D:12     | Noticed an acid blob
 18754 | D:12     | Noticed an acid blob
 18754 | D:12     | Noticed an acid blob
 18754 | D:12     | Noticed an azure jelly
 18754 | D:12     | Noticed an azure jelly
 18755 | D:12     | Noticed an acid blob
 19364 | D:12     | Found a viscous altar of Jiyva.
 19478 | D:13     | Received a gift from Okawaru
 19479 | D:13     | Reached skill level 10 in Throwing
 19489 | D:13     | Received a gift from Okawaru
 19496 | D:13     | Noticed Maurice
 19511 | D:13     | Noticed Azrael
 19517 | D:13     | Killed Maurice
 19519 | D:13     | Killed Azrael
 19785 | D:13     | Noticed Rupert
 19798 | D:13     | Killed Rupert
 19798 | D:13     | Identified the +4 kite shield of Yesterday {Str+3 Stlth+}
                  | (Okawaru gifted it to you on level 13 of the Dungeon)
 19798 | D:13     | Received a gift from Okawaru
 19799 | D:13     | Reached skill level 17 in Axes
 20555 | D:14     | Noticed an ironbound preserver
 20556 | D:14     | Found a gate to the Vaults.
 20565 | D:14     | Reached skill level 10 in Invocations
 20565 | D:14     | Killed an ironbound preserver
 20573 | D:14     | Reached XP level 15. HP: 84/135 MP: 21/21
 20585 | D:14     | Noticed Kirke
 20595 | D:14     | Killed Kirke
 20658 | D:14     | Identified the +7 broad axe "Giant's Undoing" {venom, Fly
                  | rElec rC++ Will-} (Okawaru gifted it to you on level 14 of
                  | the Dungeon)
 20658 | D:14     | Received a gift from Okawaru
 21265 | D:14     | Reached skill level 18 in Axes
 21758 | D:14     | Noticed Louise
 21770 | D:14     | Killed Louise
 21896 | D:15     | Entered Level 15 of the Dungeon
 21917 | D:15     | Found a frozen archway.
 21942 | D:15     | HP: 4/126 [ice statue/freezing blast (11)]
 21945 | D:15     | Killed from afar by an ice statue

Illustrated notes

Levels and vault maps discovered:
D:1:      sevenhm_arrival_forest_fort_large_4, layout_basic,
          nrook_loot_triangle, minmay_lizard_pond
D:2:      layout_loops_ring, basic_altar, serial_shops,
          nicolae_shop_temple_entry_statues_fountains
D:3:      layout_basic, ebering_ecumenical_altar_webs, serial_forest,
          infiniplex_forest_lined_corner, infiniplex_forest_lined_1,
          infiniplex_forest_lined_1, infiniplex_forest_clump_small,
          infiniplex_forest_lined_room_3, infiniplex_forest_straight_1,
          infiniplex_forest_lined_room_2, infiniplex_forest_straight_4
D:4:      layout_cave_pools, gammafunk_ghost_arena
D:5:      layout_loops_ring, mainiacjoe_overflow_catwalk, nicolae_specific_store
D:6:      lemuel_ratsnest, layout_rooms, mainiacjoe_overflow_boulevard,
          ebering_ghost_rock_garden, hangedman_abyss_or_decor_stagger,
          serial_park_tiny_1
D:7:      layout_loops_cross, nicolae_overflow_hidden_temple,
          minmay_temple_entry_mist, serial_shops, kennysheep_little_box,
          hangedman_abyss_or_decor_stabs, minmay_misc_feat_iff
D:8:      layout_basic, mainiacjoe_overflow_alcove_4, lemuel_doored_altar,
          serial_shops, shop_fountains, minmay_crystal_water,
          kennysheep_island_fort, uniq_pikel, uniq_joseph, uniq_erica,
          uniq_gastronok
D:9:      layout_stronghold, lemuel_zombie_altar_yredelemnul, uniq_psyche,
          uniq_prince_ribbit1
D:10:     layout_grid_maze, lightli_temple_of_fire, fedhas_ov_isle_minmay,
          dpeg_oklobed_lair, chequers_serial_rivers_micro_e, uniq_grum,
          uniq_maggie
D:11:     layout_irregular_city
D:12:     layout_loops_ring, gammafunk_ghost_ooze,
          hangedman_decor_clover_reticule
D:13:     layout_loops_ring, uniq_rupert, uniq_maurice, uniq_azrael
D:14:     layout_roguey, skrybe_vaults_entry_preservation, serial_bayou_pond_e,
          grunt_ministairs_8, uniq_kirke, uniq_louise
D:15:     grunt_enter_depths_snipers, layout_cave_pools,
          portal_ice_cave_entry_ice_statue_two, minmay_misc_feat_more_columns,
          uniq_jorgrun
Temple:   eino_narrow_crystal_temple
Lair:1:   layout_long_grid
Lair:2:   layout_loops_ring, nicolae_spider_entry_non_spiders,
          serial_bayou_pond_a, uniq_harold
Lair:3:   layout_small_grid, minmay_swamp_entry_reptiles, grunt_megastairs_1
Lair:4:   layout_gridlike, minmay_slime_entry_oklob_open, basic_altar,
          gammafunk_ghost_split, beast_lair_carwin_2
Lair:5:   guppyfry_lair_end_dragon, layout_gridlike,
          hangedman_lair_tendril_chambers

Skill      XL: |  1  2  3  4  5  6  7  8  9 10 11 12 13 14 15 |
---------------+----------------------------------------------+-----
Axes           | 3 4 5 7 8 10 11 13 14 15 17 18 | 18.0
Shields        | 4 5 6 7 8 9 10 11 13 | 13.6
Armour         | 4 5 6 7 8 9 10 11 13 | 13.6
Fighting       | 4 5 6 7 8 9 10 12 13 | 13.6
Throwing       | 1 2 3 4 5 6 7 8 9 10 | 10.0
Invocations    | 1 3 4 5 6 7 9 10 | 10.6

Action                   |  1- 3 |  4- 6 |  7- 9 | 10-12 | 13-15 || total
-------------------------+-------+-------+-------+-------+-------++-------
Melee: War axe           |    18 |       |       |       |       ||    18
       Headbutt          |     4 |    12 |    26 |    69 |   170 ||   281
       Broad axe         |    26 |    83 |   133 |   270 |   470 ||   982
Throw: Dart              |       |       |       |     4 |       ||     4
Invok: Heroism           |       |       |     2 |     3 |     6 ||    11
       Finesse           |       |       |       |     2 |     4 ||     6
       Duel              |       |       |       |       |     1 ||     1
Evoke: Wand              |       |       |       |     4 |       ||     4
  Use: Scroll            |     1 |    11 |     8 |    18 |     5 ||    43
       Potion            |     1 |       |       |       |     3 ||     4
 Stab: Petrified         |       |       |       |     5 |       ||     5
Armor: Scale mail        |    33 |     7 |       |       |       ||    40
       Chain mail        |       |    23 |       |       |       ||    23
       Plate armour      |       |     8 |    56 |   231 |   221 ||   516
Dodge: Dodged            |    24 |    37 |    57 |   138 |   120 ||   376
Block: Buckler           |    12 |    30 |    36 |       |       ||    78
       Kite shield       |       |       |    12 |   207 |   331 ||   550
       Reflection        |       |       |       |       |    16 ||    16
       Tower shield      |       |       |       |       |    10 ||    10
       Rpst.: Broad axe  |       |       |       |    27 |   150 ||   177
